 Dungeon Crawl Stone Soup version 0.24.0-123-gd5b16e6ec5 (webtiles) character file.

Game seed: 2447759798330934841, levelgen mode: deterministic

106 Destapler the Chopper (level 4, 0/39 HPs)
             Began as a Hill Orc Abyssal Knight on Dec 22, 2019.
             Was a Follower of Lugonu.
             Killed by divine providence
             ... invoked by an orc priest
              (14 damage)
             ... on level 3 of the Dungeon.
             The game lasted 00:08:31 (2339 turns).

Destapler the Chopper (Hill Orc Abyssal Knight)     Turns: 2339, Time: 00:08:33

Health: 0/39       AC:  6    Str: 15    XL:     4   Next: 84%
Magic:  5/5        EV: 11    Int: 12    God:    Lugonu [*.....]
Gold:   166        SH:  0    Dex: 10    Spells: 3/3 levels left

rFire    . . .     SeeInvis .   a - +1 hand axe
rCold    . . .     Gourm    .   (no shield)
rNeg     . . .     Faith    .   b - +0 leather armour
rPois    .         Spirit   .   (no helmet)
rElec    .         Reflect  .   r - +0 cloak
rCorr    +         Harm     .   d - +0 pair of gloves
MR       .....                  u - +0 pair of boots
Stlth    +.........             (no amulet)
HPRegen  0.13/turn              f - ring of flight
MPRegen  0.09/turn              n - ring of resist corrosion

@: no status effects
A: no striking features
a: Depart the Abyss, Renounce Religion, Convert to Beogh, Evoke Flight


You were on level 3 of the Dungeon.
You worshipped Lugonu.
Lugonu was aware of your devotion.
You were not hungry.

You visited 1 branch of the dungeon, and saw 3 of its levels.
You visited the Abyss 1 time.

You collected 166 gold pieces.

Inventory:

Hand Weapons
 a - a +1 hand axe (weapon)
Missiles
 e - 84 stones (quivered)
Armour
 b - a +0 leather armour (worn)
 d - a +0 pair of gloves (worn)
 r - a +0 cloak (worn)
 u - a +0 pair of boots (worn)
Jewellery
 f - a ring of flight (left hand)
 n - a ring of resist corrosion (right hand)
Scrolls
 h - a scroll of blinking {unknown}
 j - a scroll of teleportation {unknown}
 k - 3 scrolls of amnesia {unknown}
 m - 2 scrolls of identify {unknown}
 p - a scroll of magic mapping {unknown}
 q - a scroll of enchant armour {unknown}
 s - a scroll of remove curse {unknown}
 t - a scroll of fear {unknown}
 w - a scroll of immolation {unknown}
Potions
 i - a potion of flight {unknown}
 l - a potion of heal wounds {unknown}
 o - 3 potions of mutation {unknown}
 v - 2 potions of ambrosia {unknown}
Comestibles
 c - 8 rations
 g - 2 chunks of flesh


   Skills:
 - Level 3.6 Fighting
 + Level 6.4 Axes
 - Level 2.1 Armour
 - Level 0.7 Dodging
 - Level 2.4 Invocations


You had 3 spell levels left.
You didn't know any spells.
Your spell library was empty.

Dungeon Overview and Level Annotations

Branches:
Dungeon (3/15)

Altars:
Wu Jian
Xom


Message History

You hit the orc.
The orc is heavily wounded.
The orc closely misses you.
You barely miss the orc.
The orc is heavily wounded.
The orc hits you with a +0 falchion.
You closely miss the orc.
The orc is heavily wounded.
The orc closely misses you.
You hit the orc but do no damage.
The orc is moderately wounded.
The orc priest calls upon Beogh to heal the orc.
The orc's wounds heal themselves!
The orc priest shouts, "Beogh is our master!
Accept the truth or die!"
You hit the orc.
The orc is lightly wounded.
The orc barely misses you.
The orc priest calls down the wrath of Beogh upon you.
Beogh smites you!
You die...

### #.########.######
.........#......#
#.######.#.####.#############
#.....................
########.####.#############
#.......oo@...# ...
#.######o###### ### #'#


oo. . #.... #. #..... .)..o.. ........ . ....####.# You could see an orc priest,
an orc wizard and an orc.

Vanquished Creatures
  An orc wizard (D:2)
  An adder (D:3)
  A gnoll (D:2)
  2 worms (D:2)
  A dart slug (D:1)
  2 leopard geckos (D:1)
  5 orcs
  3 giant cockroaches (D:2)
  2 goblins
  10 hobgoblins
  6 kobolds
  6 bats
  2 frilled lizards
  6 rats
48 creatures vanquished.

Notes
Turn   | Place    | Note
-------+----------+-------------------------------------------
     0 | Abyss:1  | Destapler the Hill Orc Abyssal Knight began the quest for
                  | the Orb.
     0 | Abyss:1  | Reached XP level 1. HP: 19/19 MP: 2/2
    47 | Abyss:1  | Noticed a ynoxinul
    57 | D:1      | Escaped the Abyss
   120 | D:1      | Reached skill level 3 in Axes
   267 | D:1      | Reached XP level 2. HP: 24/26 MP: 3/3
   271 | D:1      | Reached * piety under Lugonu
   449 | D:1      | Reached skill level 4 in Axes
   599 | D:2      | Reached XP level 3. HP: 29/31 MP: 4/4
   723 | D:2      | HP: 1/31 [hobgoblin/+0 club (3)]
  1276 | D:2      | Reached skill level 5 in Axes
  1347 | D:2      | Found an ornate altar of the Wu Jian Council.
  1700 | D:2      | Found a shimmering altar of Xom.
  1761 | D:3      | Reached XP level 4. HP: 35/39 MP: 5/5
  2070 | D:2      | Reached skill level 6 in Axes
  2339 | D:3      | Killed from afar by an orc priest

Levels and vault maps discovered:
D:1:      lemuel_arrival_hallway, layout_basic
D:2:      layout_rooms, nicolae_overflow_hidden_temple, tgw_xom
D:3:      layout_basic, nicolae_overflow_crystal_walls, lightli_temple_of_fire,
          minmay_misc_feat_x, minmay_misc_feat_more_columns

Skill      XL: |  1  2  3  4 |
---------------+-------------+-----
Axes           | 3 4 5 6 |  6.4
Fighting       | |  3.6
Armour         | |  2.1
Dodging        | |  0.7
Invocations    | |  2.4

Action                   |  1- 3 |  4- 6 || total
-------------------------+-------+-------++-------
Melee: Hand axe          |   123 |    52 ||   175
Invok: Depart the Abyss  |     1 |       ||     1
 Abil: Evoke Flight      |     1 |       ||     1
  Eat: Chunk             |     3 |     2 ||     5
Armor: Leather armour    |    28 |    12 ||    40
Dodge: Dodged            |    78 |    22 ||   100
